AoeStats
← VIT Liereyy

Arabian Desert

508639304Analyzed
1v1 RM · 9d ago on Sep 23, 2026· 37m 57s· 2 players
Game mode
Random Map
Map size
Tiny (2 player)
Population
200
Speed
Normal
Resources
Standard
Victory
Conquest
Starting age
Dark Age
Ending age
Imperial Age
RankedLock teamsTeams togetherTeam positionsShared explorationLock speedFull tech treeHidden civsTurbo modeCheats
Victory
Defeat
🇦🇹 Danes · Austria
2936
+4
🇭🇰 Danes · Hong Kong SAR China
2574
-4
Dennis哥
7:51 Loom
10:05 Feudal Age
10:13 Man-at-Arms
10:40 Double-Bit Axe
14:44 Fletching
15:48 Padded Archer Armor
16:33 Padded Archer Armor
19:42 Horse Collar
23:29 Castle Age
22:27 Scale Mail Armor
23:26 Forging
24:47 Squires
28:15 Chain Mail Armor
30:40 Arson
34:03 Chain Mail Armor
34:39 Town Watch
VIT Liereyy
6:37 Loom
8:51 Feudal Age
8:53 Man-at-Arms
9:19 Double-Bit Axe
15:37 Fletching
16:57 Padded Archer Armor
20:32 Forging
24:43 Castle Age
22:37 Horse Collar
23:32 Bloodlines
23:48 Scale Barding Armor
24:30 Gold Mining
25:44 Chain Barding Armor
26:02 Gold Mining
26:20 Husbandry
31:13 Devotion
32:40 Wheelbarrow
35:07 Hand Cart
35:58 Town Watch
37:16 Bodkin Arrow
37:56 Iron Casting
Connection lost

Rejoining the realm…

Still unreachable

The connection could not be restored.

Session expired

The server has moved on; the page needs a fresh start.